TOP OF THE 1ST |
Montgomery Rebels batting - Pitching for Birmingham Barons : RHP Walter Vanderbush
|
Pitching: RHP Walter Vanderbush
|
|
Batting: SHB Arthur Fischetti
|
0-0: Called Strike 0-1: Foul Ball, location: 2F 0-2: Ball 1-2: Foul Ball, location: 2F 1-2: Ball 2-2: Foul Ball, location: 2F 2-2: Foul Ball, location: 2F 2-2: DOUBLE (Line Drive, 8RD, EV 90.0 MPH)
|
Batting: LHB Dwayne Murphy
|
0-0: DOUBLE (Groundball, 3L, EV 106.9 MPH) Arthur Fischetti scores
|
Batting: LHB Ray Crowley
|
0-0: Swinging Strike 0-1: Called Strike 0-2: Foul Ball, location: 2F 0-2: Ball 1-2: Strikes out looking
|
Batting: RHB Milt Jefferson
|
0-0: Called Strike 0-1: Ball 1-1: Swinging Strike 1-2: Foul Ball, location: 2F 1-2: Foul Ball, location: 2F 1-2: Ball 2-2: Ball 3-2: Foul Ball, location: 2F 3-2: Foul Ball, location: 2F 3-2: Foul Ball, location: 2F 3-2: Base on Balls
|
Batting: RHB Nate Tria
|
0-0: Ball Dwayne Murphy steals 3rd base 1-0: Grounds out, U3 (Groundball, 3L, EV 83.1 MPH) Dwayne Murphy scores
|
Batting: RHB Roberto Palacios
|
0-0: Fly out, F8 (Flyball, 8LM, EV 83.1 MPH)
|
Top of the 1st over - 2 runs, 2 hits, 0 errors, 1 left on base; Montgomery 2 - Birmingham 0 |
BOTTOM OF THE 1ST |
Birmingham Barons batting - Pitching for Montgomery Rebels : RHP Ricardo Posada
|
Pitching: RHP Ricardo Posada
|
|
Batting: RHB Bob Bathe
|
0-0: Ball 1-0: Called Strike 1-1: Ball 2-1: Foul Ball, location: 2F 2-2: Ball 3-2: Ground out 4-3 (Groundball, 4, EV 76.9 MPH)
|
Batting: LHB Vernon Ramie
|
0-0: Called Strike 0-1: Ball 1-1: Swinging Strike 1-2: Ball 2-2: Foul Ball, location: 2F 2-2: Foul Ball, location: 2F 2-2: Strikes out swinging
|
Batting: RHB Tim Hulett
|
0-0: Ball 1-0: Swinging Strike 1-1: Swinging Strike 1-2: Strikes out swinging
|
Bottom of the 1st over - 0 runs, 0 hits, 0 errors, 0 left on base; Montgomery 2 - Birmingham 0 |
TOP OF THE 2ND |
Montgomery Rebels batting - Pitching for Birmingham Barons : RHP Walter Vanderbush
|
Batting: RHB Jeff Schumaker
|
0-0: Ball 1-0: SINGLE (Groundball, 25, EV 73.1 MPH) (infield hit)
|
Batting: SHB Mike Thorpe
|
0-0: Ball 1-0: Called Strike 1-1: SINGLE (Groundball, P, EV 83.8 MPH) (infield hit) Jeff Schumaker to second
|
Batting: LHB Michael Shinn
|
0-0: Ball 1-0: Ball 2-0: Ball 3-0: Called Strike 3-1: Foul Ball, location: 2F 3-2: SINGLE (Line Drive, 6MD, EV 100.0 MPH) Jeff Schumaker to third Mike Thorpe to second Runner from 3rd tries for Home, SAFE, throw by CF to home
|
Batting: SHB Arthur Fischetti
|
0-0: Ball 1-0: Fielders Choice at 2nd, 2-6 (Groundball, 2R, EV 70.6 MPH) Mike Thorpe to third
|
Batting: LHB Dwayne Murphy
|
0-0: Called Strike Arthur Fischetti steals 2nd base 0-1: Swinging Strike 0-2: Ball 1-2: Ball 2-2: Fly out, F9 (Flyball, 9, EV 83.1 MPH) Runner from 3rd tags up, SCORES, throw by RF
|
Batting: LHB Ray Crowley
|
0-0: Called Strike 0-1: Foul Ball, location: 2F 0-2: Ball 1-2: Ground out 4-3 (Groundball, 4S, EV 72.5 MPH)
|
Top of the 2nd over - 2 runs, 3 hits, 0 errors, 1 left on base; Montgomery 4 - Birmingham 0 |
BOTTOM OF THE 2ND |
Birmingham Barons batting - Pitching for Montgomery Rebels : RHP Ricardo Posada
|
Batting: RHB Bill R Moore
|
0-0: Foul Ball, location: 2F 0-1: Ball 1-1: Swinging Strike 1-2: Foul Ball, location: 2F 1-2: Ball 2-2: Ball 3-2: Strikes out swinging
|
Batting: LHB Joe Szekely
|
0-0: Swinging Strike 0-1: Ball 1-1: Ball 2-1: DOUBLE (Groundball, 3L, EV 103.8 MPH)
|
Batting: RHB Robin Townley
|
0-0: Called Strike 0-1: Ball 1-1: Ground out 6-3 (Groundball, 6M, EV 93.8 MPH) Joe Szekely to third
|
Batting: RHB Jim Wilson
|
0-0: Called Strike 0-1: Ground out 6-3 (Groundball, 6, EV 80.6 MPH)
|
Bottom of the 2nd over - 0 runs, 1 hit, 0 errors, 1 left on base; Montgomery 4 - Birmingham 0 |
TOP OF THE 3RD |
Montgomery Rebels batting - Pitching for Birmingham Barons : RHP Walter Vanderbush
|
Batting: RHB Milt Jefferson
|
0-0: Swinging Strike 0-1: Ball 1-1: Ball 2-1: Ball 3-1: Ground out 6-3 (Groundball, 6, EV 85.6 MPH)
|
Batting: RHB Nate Tria
|
0-0: Ball 1-0: Ground out 6-3 (Groundball, 6, EV 80.6 MPH)
|
Batting: RHB Roberto Palacios
|
0-0: Called Strike 0-1: Ball 1-1: DOUBLE (Line Drive, 9LM, EV 108.1 MPH)
|
Batting: RHB Jeff Schumaker
|
0-0: Swinging Strike 0-1: Called Strike 0-2: Ball 1-2: Ball 2-2: Ball 3-2: Base on Balls
|
Batting: SHB Mike Thorpe
|
0-0: Fielders Choice at 2nd, U4 (Groundball, 4M, EV 97.5 MPH)
|
Top of the 3rd over - 0 runs, 1 hit, 0 errors, 2 left on base; Montgomery 4 - Birmingham 0 |
BOTTOM OF THE 3RD |
Birmingham Barons batting - Pitching for Montgomery Rebels : RHP Ricardo Posada
|
Batting: SHB Giampietro Pasquetto
|
0-0: Called Strike 0-1: Fly out, F9 (Line Drive, 9, EV 91.9 MPH)
|
Batting: RHB Rod Johnson
|
0-0: Called Strike 0-1: Fly out, F7 (Line Drive, 7, EV 95.6 MPH)
|
Batting: RHB Bob Bathe
|
0-0: Ball 1-0: Ball 2-0: Ball 3-0: Called Strike 3-1: Base on Balls
|
Batting: LHB Vernon Ramie
|
0-0: Called Strike 0-1: Foul Ball, location: 2F 0-2: Fly out, F8 (Flyball, 8LD, EV 92.5 MPH)
|
Bottom of the 3rd over - 0 runs, 0 hits, 0 errors, 1 left on base; Montgomery 4 - Birmingham 0 |
TOP OF THE 4TH |
Montgomery Rebels batting - Pitching for Birmingham Barons : RHP Walter Vanderbush
|
Batting: LHB Michael Shinn
|
0-0: Ball 1-0: Ball 2-0: Foul Ball, location: 2F 2-1: Ball 3-1: Base on Balls
|
Batting: SHB Arthur Fischetti
|
0-0: Called Strike 0-1: Ball 1-1: Swinging Strike 1-2: Ball 2-2: Ball 3-2: Fly out, F7 (Flyball, 7LM, EV 83.8 MPH)
|
Batting: LHB Dwayne Murphy
|
0-0: Called Strike 0-1: Ball Wild Pitch! Michael Shinn to second 1-1: Ball 2-1: Swinging Strike 2-2: Fly out, F7 (Flyball, 7S, EV 94.4 MPH)
|
Batting: LHB Ray Crowley
|
0-0: Called Strike 0-1: Called Strike 0-2: Ball 1-2: Foul Ball, location: 2F 1-2: Ball 2-2: Ground out 4-3 (Groundball, 4S, EV 69.4 MPH)
|
Top of the 4th over - 0 runs, 0 hits, 0 errors, 1 left on base; Montgomery 4 - Birmingham 0 |
BOTTOM OF THE 4TH |
Birmingham Barons batting - Pitching for Montgomery Rebels : RHP Ricardo Posada
|
Batting: RHB Tim Hulett
|
0-0: Foul Ball, location: 2F 0-1: Foul Ball, location: 2F 0-2: Foul Ball, location: 2F 0-2: Ball 1-2: Foul Ball, location: 2F 1-2: Strikes out swinging
|
Batting: RHB Bill R Moore
|
0-0: Called Strike 0-1: Foul Ball, location: 2F 0-2: Ball 1-2: Fly out, F9 (Flyball, 9S, EV 77.5 MPH)
|
Batting: LHB Joe Szekely
|
0-0: Ground out 5-3 (Groundball, 56S, EV 68.1 MPH)
|
Bottom of the 4th over - 0 runs, 0 hits, 0 errors, 0 left on base; Montgomery 4 - Birmingham 0 |
TOP OF THE 5TH |
Montgomery Rebels batting - Pitching for Birmingham Barons : RHP Walter Vanderbush
|
Batting: RHB Milt Jefferson
|
0-0: Foul Ball, location: 2F 0-1: Ball 1-1: Fly out, F9 (Flyball, 9LD, EV 91.9 MPH)
|
Batting: RHB Nate Tria
|
0-0: Ball 1-0: Ball 2-0: Ball 3-0: Base on Balls
|
Batting: RHB Roberto Palacios
|
0-0: Ball 1-0: Foul Ball, location: 2F 1-1: Fly out, F8 (Flyball, 89M, EV 93.1 MPH)
|
Batting: RHB Jeff Schumaker
|
0-0: Ball 1-0: Foul Ball, location: 2F 1-1: Ball 2-1: Foul Ball, location: 2F 2-2: Foul Ball, location: 2F 2-2: Ball 3-2: Foul Ball, location: 2F 3-2: Ground out 4-3 (Groundball, 34, EV 104.4 MPH)
|
Top of the 5th over - 0 runs, 0 hits, 0 errors, 1 left on base; Montgomery 4 - Birmingham 0 |
BOTTOM OF THE 5TH |
Birmingham Barons batting - Pitching for Montgomery Rebels : RHP Ricardo Posada
|
Batting: RHB Robin Townley
|
0-0: Ball 1-0: Ball 2-0: Called Strike 2-1: Ground out 5-3 (Groundball, 5S, EV 85.6 MPH)
|
Batting: RHB Jim Wilson
|
0-0: Swinging Strike 0-1: Fly out, F7 (Line Drive, 7, EV 90.6 MPH)
|
Batting: SHB Giampietro Pasquetto
|
0-0: Fly out, F9 (Flyball, 89M, EV 94.4 MPH)
|
Bottom of the 5th over - 0 runs, 0 hits, 0 errors, 0 left on base; Montgomery 4 - Birmingham 0 |
TOP OF THE 6TH |
Montgomery Rebels batting - Pitching for Birmingham Barons : RHP Walter Vanderbush
|
Batting: SHB Mike Thorpe
|
0-0: Ball 1-0: Ball 2-0: Ball 3-0: Foul Ball, location: 2F 3-1: Hit by Pitch
|
Batting: LHB Michael Shinn
|
0-0: Fielders Choice at 2nd, 4-6 (Groundball, 4S, EV 90.0 MPH)
|
Batting: SHB Arthur Fischetti
|
0-0: Ball 1-0: Foul Ball, location: 2F 1-1: Ball 2-1: Foul Ball, location: 2F 2-2: Ball 3-2: Base on Balls Michael Shinn to second
|
Batting: LHB Dwayne Murphy
|
0-0: Swinging Strike 0-1: Foul Ball, location: 2F 0-2: Ball 1-2: Ball 2-2: Ball 3-2: Base on Balls Michael Shinn to third Arthur Fischetti to second
|
Batting: LHB Ray Crowley
|
0-0: Ball 1-0: Ball 2-0: Foul Ball, location: 2F 2-1: Ball 3-1: Base on Balls Michael Shinn scores Arthur Fischetti to third Dwayne Murphy to second
|
Pitching: RHP Jim Gerlach
|
|
Batting: RHB Milt Jefferson
|
0-0: Called Strike 0-1: Swinging Strike 0-2: Strikes out swinging
|
Batting: RHB Nate Tria
|
0-0: Ball 1-0: Called Strike 1-1: Ball 2-1: Ball 3-1: Base on Balls Arthur Fischetti scores Dwayne Murphy to third Ray Crowley to second
|
Batting: RHB Roberto Palacios
|
0-0: Ball 1-0: Swinging Strike 1-1: Ball 2-1: GRAND SLAM HOME RUN (Line Drive, 89XD, EV 107.5 MPH), Distance : 426 ft
|
Batting: RHB Jeff Schumaker
|
0-0: Ball 1-0: Ball 2-0: Ball 3-0: Called Strike 3-1: Base on Balls
|
Batting: SHB Mike Thorpe
|
0-0: Ball 1-0: SINGLE (Groundball, 56S, EV 70.0 MPH) (infield hit) Jeff Schumaker to second
|
Batting: LHB Michael Shinn
|
0-0: Ball 1-0: Ball 2-0: Called Strike 2-1: Swinging Strike 2-2: Foul Ball, location: 2F 2-2: Foul Ball, location: 2F 2-2: Foul Ball, location: 2F 2-2: 3-RUN HOME RUN (Flyball, 89XD, EV 110.6 MPH), Distance : 428 ft
|
Pitching: RHP Jay Kibbe
|
|
Batting: SHB Arthur Fischetti
|
0-0: Called Strike 0-1: Ball 1-1: Called Strike 1-2: Ball 2-2: Ball 3-2: Ground out U3 (Groundball, 3L, EV 86.3 MPH)
|
Top of the 6th over - 9 runs, 3 hits, 0 errors, 0 left on base; Montgomery 13 - Birmingham 0 |
BOTTOM OF THE 6TH |
Birmingham Barons batting - Pitching for Montgomery Rebels : RHP Ricardo Posada
|
Batting: RHB Rod Johnson
|
0-0: Ball 1-0: Ball 2-0: Foul Ball, location: 2F 2-1: Ball 3-1: Base on Balls
|
Batting: RHB Bob Bathe
|
0-0: Ball 1-0: Called Strike 1-1: Fielders Choice at 2nd, 6-4 (Groundball, 56, EV 88.1 MPH)
|
Batting: LHB Vernon Ramie
|
0-0: Ball 1-0: Called Strike 1-1: Ball 2-1: Ball 3-1: Fly out, F6 (Popup, 6M, EV 61.3 MPH)
|
Batting: RHB Tim Hulett
|
0-0: Fly out, F9 (Flyball, 9, EV 80.6 MPH)
|
Bottom of the 6th over - 0 runs, 0 hits, 0 errors, 1 left on base; Montgomery 13 - Birmingham 0 |
TOP OF THE 7TH |
Montgomery Rebels batting - Pitching for Birmingham Barons : RHP Jay Kibbe
|
Pinch Hitting: LHB Greg Johnston
|
0-0: Ball 1-0: Fly out, F4 (Popup, 4S, EV 80.0 MPH)
|
Batting: LHB Ray Crowley
|
0-0: Ball 1-0: Ball 2-0: Called Strike 2-1: Swinging Strike 2-2: Foul Ball, location: 2F 2-2: Strikes out swinging
|
Batting: RHB Milt Jefferson
|
0-0: SINGLE (Line Drive, 5D, EV 103.1 MPH)
|
Batting: RHB Nate Tria
|
0-0: Foul Ball, location: 2F 0-1: Ball 1-1: Swinging Strike 1-2: Ball 2-2: SINGLE (Flyball, 7S, EV 86.3 MPH) Milt Jefferson to second
|
Batting: RHB Roberto Palacios
|
0-0: Ground out 4-3 (Groundball, 4, EV 77.5 MPH)
|
Top of the 7th over - 0 runs, 2 hits, 0 errors, 2 left on base; Montgomery 13 - Birmingham 0 |
BOTTOM OF THE 7TH |
Birmingham Barons batting - Pitching for Montgomery Rebels : RHP Ricardo Posada
|
Now in RF: Greg Johnston
|
|
Batting: RHB Bill R Moore
|
0-0: Ball 1-0: Foul Ball, location: 2F 1-1: Ball 2-1: Foul Ball, location: 2F 2-2: Ball 3-2: SOLO HOME RUN (Flyball, 89XD, EV 90.6 MPH), Distance : 410 ft
|
Batting: LHB Joe Szekely
|
0-0: Fly out, F9 (Line Drive, 9D, EV 106.9 MPH)
|
Batting: RHB Robin Townley
|
0-0: Ball 1-0: Called Strike 1-1: Swinging Strike 1-2: Strikes out swinging
|
Batting: RHB Jim Wilson
|
0-0: Ball 1-0: Swinging Strike 1-1: Swinging Strike 1-2: Fly out, F6 (Flyball, 4MD, EV 80.0 MPH)
|
Bottom of the 7th over - 1 run, 1 hit, 0 errors, 0 left on base; Montgomery 13 - Birmingham 1 |
TOP OF THE 8TH |
Montgomery Rebels batting - Pitching for Birmingham Barons : RHP Jay Kibbe
|
Batting: RHB Jeff Schumaker
|
0-0: Fly out, F9 (Flyball, 9LM, EV 96.9 MPH)
|
Pinch Hitting: RHB Frank Moisa
|
0-0: Ball 1-0: Called Strike 1-1: Swinging Strike 1-2: Ground out 1-3 (Groundball, 25, EV 70.6 MPH)
|
Batting: LHB Michael Shinn
|
0-0: Ball 1-0: Called Strike 1-1: Ball 2-1: Ball 3-1: Base on Balls
|
Batting: SHB Arthur Fischetti
|
0-0: Called Strike 0-1: Ball 1-1: Ball 2-1: Foul Ball, location: 2F 2-2: Fly out, F9 (Flyball, 89M, EV 98.1 MPH)
|
Top of the 8th over - 0 runs, 0 hits, 0 errors, 1 left on base; Montgomery 13 - Birmingham 1 |
BOTTOM OF THE 8TH |
Birmingham Barons batting - Pitching for Montgomery Rebels : RHP Ricardo Posada
|
Now at SS: Frank Moisa
|
|
Batting: SHB Giampietro Pasquetto
|
0-0: Called Strike 0-1: Fly out, F9 (Flyball, 9S, EV 93.1 MPH)
|
Batting: RHB Rod Johnson
|
0-0: Ball 1-0: Ground out 5-3 (Groundball, 56, EV 83.8 MPH)
|
Batting: RHB Bob Bathe
|
0-0: Swinging Strike 0-1: Ball 1-1: Called Strike 1-2: Strikes out swinging
|
Bottom of the 8th over - 0 runs, 0 hits, 0 errors, 0 left on base; Montgomery 13 - Birmingham 1 |
TOP OF THE 9TH |
Montgomery Rebels batting - Pitching for Birmingham Barons : RHP Jay Kibbe
|
Batting: LHB Greg Johnston
|
0-0: Foul Ball, location: 2F 0-1: Foul Ball, location: 2F 0-2: Ball 1-2: Ball 2-2: Ground out 6-3 (Groundball, 6, EV 79.4 MPH)
|
Batting: LHB Ray Crowley
|
0-0: Called Strike 0-1: Called Strike 0-2: Strikes out swinging
|
Batting: RHB Milt Jefferson
|
0-0: Fly out, F5 (Popup, 5SF, EV 67.5 MPH)
|
Top of the 9th over - 0 runs, 0 hits, 0 errors, 0 left on base; Montgomery 13 - Birmingham 1 |
BOTTOM OF THE 9TH |
Birmingham Barons batting - Pitching for Montgomery Rebels : RHP Ricardo Posada
|
Batting: LHB Vernon Ramie
|
0-0: Called Strike 0-1: Foul Ball, location: 2F 0-2: Foul Ball, location: 2F 0-2: Ball 1-2: Strikes out swinging
|
Batting: RHB Tim Hulett
|
0-0: Foul Ball, location: 2F 0-1: DOUBLE (Line Drive, 89XD, EV 105.0 MPH)
|
Batting: RHB Bill R Moore
|
0-0: Called Strike 0-1: Called Strike 0-2: Strikes out swinging
|
Pinch Hitting: RHB Gregory Chandler
|
0-0: Ball 1-0: Ground out 6-3 (Groundball, 6, EV 80.0 MPH)
|
Bottom of the 9th over - 0 runs, 1 hit, 0 errors, 1 left on base; Montgomery 13 - Birmingham 1 |
|